 Dungeon Crawl Stone Soup version 0.31-a0-1237-gabc64e778c (webtiles) character file.

Game seed: 7222888669061976824

71 Firecrotchwizard the Changeling (level 4, -6/33 HPs)
             Began as a Merfolk Shapeshifter on Dec 16, 2023.
             Mangled by a gnoll
             ... wielding a +0 flail
              (10 damage)
             ... on level 2 of the Dungeon.
             The game lasted 00:04:56 (1419 turns).

Firecrotchwizard the Changeling (MfSh)              Turns: 1419, Time: 00:04:57

Health: -6/33      AC:  5    Str: 16    XL:     4   Next: 24%
Magic:  4/4        EV: 11    Int:  9    God:
Gold:   104        SH:  0    Dex: 13    Spells: 3/3 levels left

rFire   . .          .
                       - Unarmed
rCold   . . .        (no shield)
rNeg    . . .        h - +0 ring mail
rPois   .            (helmet currently unavailable)
rElec   .            (cloak currently unavailable)
rCorr   .            (gloves currently unavailable)
SInv    .            (boots currently unavailable)
Will    .....        (no amulet)
Stlth   +            i - ring of wizardry
HPRegen 0.25/turn    (no ring)
MPRegen 0.09/turn

%: wizardry (x1)
@: beast-form
A: beast (slay +2), (nimble swimmer 2), mertail
a: Begin Untransformation


You were on level 2 of the Dungeon.
You were a hulking beast.
You visited 1 branch of the dungeon, and saw 2 of its levels.

You collected 104 gold pieces.

Inventory:

Missiles
 o - 6 poisoned darts
Armour
 a - a +0 animal skin
 h - a +0 ring mail (worn)
Jewellery
 i - a ring of wizardry (left hand)
Talismans
 c - a beast talisman
 d - a flux talisman
Scrolls
 e - 3 scrolls of identify {unknown}
 f - a scroll of immolation {unknown}
 l - a scroll of teleportation {unknown}
 n - a scroll of enchant armour {unknown}
 p - a scroll of blinking {unknown}
Potions
 b - 2 potions of lignification
 g - a potion of berserk rage {unknown}
 j - a potion of cancellation {unknown}
 k - a potion of enlightenment {unknown}
 m - a potion of curing {unknown}


   Skills:
 + Level 2.1 Fighting
 + Level 3.5 Dodging
 * Level 4.2 Unarmed Combat
 + Level 4.5 Shapeshifting


You had 3 spell levels left.
You didn't know any spells.
Your spell library contained the following spells:

 Spells                   Type           Power      Damage    Failure   Level
 Foxfire                  Conj/Fire      0%         2x1d4     30%         1
 Plasma Beam              Fire/Air       0%         2x1d10    100%        6
 Starburst                Conj/Fire      0%         6d3       100%        6


Dungeon Overview and Level Annotations

Branches:
Dungeon (2/15)

Altars:

Shops:
D:1 :


Innate Abilities, Weirdness & Mutations

You are a hulking beast.
Your limbs bulge with bestial killing power. (Slay +2)
((You are very nimble when in or above water. (Stealth+, EV+, Speed+++)))
Your lower body shifts to a powerful aquatic tail in water.


Message History

As you open the door, it creaks loudly!
There is an open door here.
A ball python comes into view.
The ball python hisses angrily.
There is an open door here.
A ball python is nearby!
You hit the ball python.
You kill the ball python!
You see here a ball python corpse.
You now have 90 gold pieces (gained 3).
There is an open door here.
There is an open door here.
You see here a bat corpse.
A rat comes into view.
The rat squeaks loudly.
You hit the rat.
You kill the rat!
Found 4 stones.
A ball python comes into view.
The ball python hisses angrily.
A ball python is nearby!
Found a mace.
You barely miss the ball python.
The ball python bites you but does no damage.
The ball python barely misses you.
You punch the ball python!
You kill the ball python!
You see here a ball python corpse.
Found 6 poisoned darts.
A goblin comes into view. It is wielding a +0 dagger.
You punch the goblin!
You kill the goblin!
You open the door.
There is an open door here.
A rat comes into view.
The rat squeaks loudly.
A rat is nearby!
You punch the rat!
You kill the rat!
There is an open door here.
You see here 6 poisoned darts.
o - 6 poisoned darts You see here a +0 mace.
A rat comes into view.
The rat squeaks loudly.
You hit the rat.
You kill the rat!
You see here a rat corpse.
There is a dry fountain here.
A quokka comes into view.
Found a scroll labelled YSAFIOTHRYSS and a robe.
You punch the quokka!
You kill the quokka!
p - a scroll labelled YSAFIOTHRYSS An endoplasm comes into view.
You punch the endoplasm!
You kill the endoplasm!
A goblin comes into view. It is wielding a +0 dagger.
The goblin shouts!
You hit the goblin.
The goblin is severely wounded.
The goblin hits you with a +0 dagger.
You hit the goblin.
You kill the goblin!
HP restored.
You see here a +0 dagger.
Found a hand axe.
You now have 104 gold pieces (gained 14).
There is a dry fountain here.
Found 9 stones.
You see here 9 stones.
Found a stone staircase leading down.
There is a stone staircase leading down here.
Found a ring mail.
You see here a +0 ring mail.
Found a stone staircase leading up.
A gnoll comes into view. It is wielding a +0 spear.
The gnoll shouts!
A gnoll comes into view.
It is wielding a +0 flail and quivering a throwing net.
The gnoll shouts!
You hear a shout!
A gnoll comes into view.
It is wielding a +0 flail of protection.
The gnoll hits you from afar with a +0 spear.
The gnoll throws a throwing net.
The throwing net hits you.
You become entangled in the net!
The gnoll attacks as it pursues you! The gnoll closely misses you.
There is a stone staircase leading up here.
You see here a throwing net {@!f}.
You struggle against the net.
The gnoll hits you from afar with a +0 spear.
You struggle against the net.
The gnoll hits you with a +0 flail!
The gnoll hits you from afar with a +0 spear.
* * * LOW HITPOINT WARNING * * *
You struggle against the net.
The gnoll hits you with a +0 flail.
* * * LOW HITPOINT WARNING * * *
The gnoll hits you but does no damage.
You shred the net and break free!
The gnoll hits you with a +0 flail of protection!
* * * LOW HITPOINT WARNING * * *
The gnoll hits you with a +0 flail!
You die...

#........# ###
######################..
#...............#.#
########.#############.#.#
.........#.......... #.#.#
.#######.#.######### #.#.#
#.........# #.#.#
#.#..#.##.# #.#.#
#.#..h..#.# #.#.#
#....gg.#.# #...#
......#.g...######.#####
.###...............#
###..#.##.#########
..........# .#####.####
...# ####


You could see 3 gnolls.

Vanquished Creatures
  Jessica (D:2)
  An adder (D:2)
  A dart slug (D:1)
  5 ball pythons
  4 bats
  3 endoplasms (D:2)
  4 goblins (D:2)
  2 hobgoblins (D:1)
  2 jackals (D:2)
  A quokka (D:2)
  A kobold (D:1)
  6 rats
31 creatures vanquished.

Notes
Turn   | Place    | Note
-------+----------+-------------------------------------------
     0 | D:1      | Firecrotchwizard the Merfolk Shapeshifter began the quest
                  | for the Orb.
     0 | D:1      | Reached XP level 1. HP: 15/15 MP: 1/1
   162 | D:1      | Found Ifoshod's Book Emporium.
   306 | D:1      | Reached XP level 2. HP: 21/21 MP: 2/2
   842 | D:2      | Noticed Jessica
   846 | D:2      | Killed Jessica
   847 | D:2      | Reached XP level 3. HP: 27/27 MP: 3/3
   978 | D:2      | Reached XP level 4. HP: 30/33 MP: 4/4
  1419 | D:2      | Mangled by a gnoll

Illustrated notes

Levels and vault maps discovered:
D:1:      ncdulo_smallfort, layout_basic, serial_shops,
          nicolae_shop_window_shopping, amethyst_killhole
D:2:      layout_basic, serial_corexii_hall, chequers_hall_statues_y,
          corexii_hall_statues_u, corexii_hall_statues_t, uniq_jessica

Skill      XL: |  1  2  3 |
---------------+----------+-----
Dodging        | 3 |  3.5
Unarmed Combat | 4 |  4.2
Fighting       | 2 |  2.1
Shapeshifting  | |  4.5

Action                     |  1- 3 |  4- 6 || total
---------------------------+-------+-------++-------
  Melee: Unarmed           |    54 |    12 ||    66
         Punch             |     1 |       ||     1
 Armour: Ring mail         |    30 |    10 ||    40
         Animal skin       |     2 |       ||     2
  Dodge: Dodged            |    30 |     2 ||    32

Table legend: (Time is in decaauts)
 A = Elapsed time spent in this place.
 B = Non-inter-level travel time spent in this place.
 C = Inter-level travel time spent in this place.
 D = Time resting spent in this place.
 E = Time spent auto-exploring this place.
 F = Levels seen in this place.
 G = Mean time per level.
                   A        B        C        D        E       F      G
               +--------+--------+--------+--------+--------+-----+--------+
         Total |   1413 |   1350 |     63 |      0 |   1105 |   2 |  706.5 |
       Dungeon |   1413 |   1350 |     63 |      0 |   1105 |   2 |  706.5 |
               +--------+--------+--------+--------+--------+-----+--------+

Top non-repeatable levels by time:
     D:1: 839 daAuts
     D:2: 574 daAuts
